 Dungeon Crawl Stone Soup version 0.20.0-15-g7f486f2 (webtiles) character file.

58 sagitran the Poker (level 4, 0/34 HPs)
             Began as a Merfolk Skald on June 9, 2017.
             Slain by an adder (5 damage)
             ... on level 2 of the Dungeon on June 10, 2017.
             The game lasted 00:18:12 (988 turns).

sagitran the Poker (Merfolk Skald)                   Turns: 988, Time: 00:18:13

Health: 0/34       AC:  3    Str: 12    XL:     4   Next: 1%
Magic:  7/7        EV: 13    Int: 12    God:
Gold:   63         SH:  0    Dex: 13    Spells: 2/7 levels left

rFire    . . .     SeeInvis .   a - +0 spear
rCold    . . .     Gourm    .   (no shield)
rNeg     . . .     Faith    .   b - +0 leather armour
rPois    .         Spirit   .   (no helmet)
rElec    .         Reflect  .   (no cloak)
rCorr    .         Harm     .   (no gloves)
MR       .....                  (no boots)
Stlth    +.........             (no amulet)
Regen    0.2/turn               (no ring)
MPRegen  0.1/turn               (no ring)

@: lethally poisoned (0 -> -3)
A: change form in water, swift swim, stealthy swim
a: no special abilities


You were on level 2 of the Dungeon.
You were hungry.

You visited 1 branch of the dungeon, and saw 2 of its levels.

You collected 63 gold pieces.

Inventory:

Hand Weapons
 a - a +0 spear (weapon)
 g - a +1 vampiric dagger
Armour
 b - a +0 leather armour (worn)
Potions
 e - a potion of cancellation {unknown}
 f - a potion of brilliance
Books
 c - a book of Battle

   Spells                             Type                      Level
   a - Infusion                       Charms                       1
   b - Shroud of Golubria             Charms/Translocation         2
   c - Song of Slaying                Charms                       2
   d - Spectral Weapon                Hexes/Charms                 3
   e - Regeneration                   Charms/Necromancy            3
Comestibles
 d - 2 bread rations
 i - a meat ration
 j - 7 chunks of flesh


   Skills:
 + Level 2.6 Fighting
 + Level 3.9 Polearms
 + Level 0.8 Armour
 + Level 3.4 Dodging
 + Level 0.2 Stealth
 + Level 2.2 Spellcasting
 + Level 3.7 Charms


You had 2 spell levels left.
You knew the following spells:

 Your Spells              Type           Power        Failure   Level  Hunger
a - Infusion              Chrm           ##..         7%          1    ##.....
b - Song of Slaying       Chrm           ##......     11%         2    ###....
c - Shroud of Golubria    Chrm/Tloc      #.........   24%         2    ###....


Dungeon Overview and Level Annotations

Branches:
Dungeon (2/15)

Altars:
Ashenzari


Message History

The giant cockroach splashes around in the water.
The adder bites you.
You are poisoned.
The adder poisons you!
You feel sick. The giant cockroach barely misses you.
The adder completely misses you.
You closely miss the giant cockroach.
Your tail-slap misses the giant cockroach.
The giant cockroach is almost dead.
The giant cockroach closely misses you. The adder barely misses you.
You feel sick.
The giant cockroach splashes around in the water.
The adder closely misses you. The adder misses you.
The adder closely misses you.
Some of the chunks of flesh in your inventory have rotted away.
You feel sick. The adder bites you.
* * * LOW HITPOINT WARNING * * *
The adder bites you.
You die...

###### # ### ##≈w≈≈##
#.# #.###≈≈≈≈≈≈###...# #
#....≈≈...S......## #
#...≈≈..gsS@....... ##
#..≈....≈≈.......#. .##
#..≈..≈≈..≈....#...
..####...≈≈....≈........
............⌠≈≈.......#
..###......≈≈⌠........#
.## ##....≈....≈≈...#.#
## #....≈..≈≈..≈..#.. #
#.....≈≈...


You could see a worm, 2 adders, a giant cockroach and a goblin.

Vanquished Creatures
  3 adders (D:2)
  An ooze (D:1)
  A worm (D:2)
  A dart slug (D:1)
  2 giant cockroaches
  A goblin (D:1)
  4 hobgoblins
  3 bats
  2 frilled lizards (D:1)
  3 kobolds (D:1)
  4 rats
25 creatures vanquished.

Notes
Turn   | Place    | Note
-------+----------+-------------------------------------------
     0 | D:1      | sagitran the Merfolk Skald began the quest for the Orb.
     0 | D:1      | Reached XP level 1. HP: 16/16 MP: 3/3
   127 | D:1      | Reached XP level 2. HP: 9/23 MP: 5/5
   171 | D:1      | Learned a level 2 spell: Song of Slaying
   174 | D:1      | Learned a level 2 spell: Shroud of Golubria
   746 | D:2      | Reached XP level 3. HP: 17/28 MP: 6/6
   823 | D:2      | Found a shattered altar of Ashenzari.
   896 | D:2      | Reached XP level 4. HP: 9/34 MP: 5/7
   988 | D:2      | Slain by an adder

Skill      XL: |  1  2 |
---------------+-------+-----
Dodging        | 3 |  3.4
Fighting       | |  2.6
Polearms       | |  3.9
Armour         | |  0.8
Stealth        | |  0.2
Spellcasting   | |  2.2
Charms         | |  3.7

Action                   |  1- 3 |  4- 6 || total
-------------------------+-------+-------++-------
Melee: Spear             |   127 |    10 ||   137
 Cast: Infusion          |     2 |       ||     2
       Song of Slaying   |     1 |       ||     1
  Use: Scroll            |     3 |       ||     3
       Potion            |     1 |       ||     1
 Stab: Sleeping          |     2 |       ||     2
Armor: Leather armour    |    22 |     4 ||    26
Dodge: Dodged            |    81 |    21 ||   102
